 Dungeon Crawl Stone Soup version 0.19.5 (webtiles) character file.

89 nikopol the Poker (level 4, -4/61 HPs)
             Began as a Minotaur Berserker on Mar 5, 2017.
             Was a Believer of Trog.
             Slain by Sigmund
             ... wielding a +0 scythe
              (7 damage)
             ... on level 2 of the Dungeon.
             The game lasted 00:03:43 (1164 turns).

nikopol the Poker (Minotaur Berserker)              Turns: 1164, Time: 00:03:43

Health: -4/61      AC:  6    Str: 27    XL:     4   Next: 31%
Magic:  3/3        EV: 12    Int:  4    God:    Trog [**....]
Gold:   99         SH:  0    Dex: 10    Spells: 0 memorised, 3 levels left

rFire  . . .     SeeInvis .     a - +0 spear
rCold  . . .     Gourm    .     m - +0 ring mail (curse)
rNeg   . . .     Faith    .     (no shield)
rPois  .         Spirit   .     (helmet restricted)
rElec  .         Reflect  .     o - +0 cloak
rCorr  .         Harm     .     (no gloves)
MR     .....                    (no boots)
Stlth  ..........               (no amulet)
                                (no ring)
                                r - ring of flight

@: berserking, very quick
A: retaliatory headbutt, horns 2
a: Berserk, Trog's Hand, Burn Spellbooks, Renounce Religion, Evoke Flight


You were on level 2 of the Dungeon.
You worshipped Trog.
Trog was pleased with you.
You were hungry.

You visited 1 branch of the dungeon, and saw 2 of its levels.

You collected 99 gold pieces.

Inventory:

Hand Weapons
 a - a +0 spear (weapon)
Missiles
 s - 32 arrows (quivered)
Armour
 b - a +0 animal skin
 d - a +0 ring mail
 m - a cursed +0 ring mail (worn)
 o - a +0 cloak (worn)
Jewellery
 r - a ring of flight (left hand)
Scrolls
 h - a scroll of magic mapping {unknown}
 i - a scroll of fear {unknown}
 j - 4 scrolls of identify {unknown}
 k - a scroll of recharging {unknown}
 n - a scroll of enchant armour {unknown}
 p - a scroll of random uselessness {unknown}
Potions
 e - a potion of might {unknown}
 l - a potion of ambrosia {unknown}
 q - a potion of cure mutation {unknown}
 u - a potion of cancellation {unknown}
Comestibles
 c - a bread ration
 f - 2 chunks of flesh
 g - 2 meat rations
 t - 4 fruits


   Skills:
 + Level 4.5 Fighting
 + Level 4.5 Polearms
 + Level 3.2 Armour
 + Level 3.1 Dodging


You had 3 spell levels left.
You didn't know any spells.

Dungeon Overview and Level Annotations

Branches:
Dungeon (2/15)

Altars:

Annotations:
D:2 Sigmund


Innate Abilities, Weirdness & Mutations

You reflexively headbutt those who attack you in melee.
You have a pair of horns on your head.


Message History

The puff of flame hits you!
* * * LOW HITPOINT WARNING * * *
You hit Sigmund.
Sigmund is heavily wounded.
A red film seems to cover your vision as you go berserk!
You feel yourself moving faster!
You feel mighty!
You are feeling hungry.
Sigmund hits you with a scythe.
* * * LOW HITPOINT WARNING * * *
You barely miss Sigmund. Your headbutt misses Sigmund.
Sigmund is heavily wounded.
Sigmund points at you and mumbles some strange words.
The puff of flame hits you!
* * * LOW HITPOINT WARNING * * *
You closely miss Sigmund.
Sigmund is heavily wounded.
You puncture Sigmund!
Sigmund is almost dead.
Sigmund hits you with a scythe!
You die...

..†)..........
######.#########.##
######.########$..
........(.........
#######.#######...
#.# #.# #.# #.# #.#
#@# #######.# #@#
........# #.##.#
####>#### #.##.# .#
#.# #.##.# .# #.#
#.##.# .# #.#
##<##.# ## #.#
#..##.# # #.#
##...#.# # #.#
#......#


You could see Sigmund.

Vanquished Creatures
  Robin (D:2)
  An adder (D:2)
  2 dart slugs (D:1)
  A leopard gecko (D:1)
  A ball python (D:1)
  4 giant cockroaches
  15 goblins
  14 hobgoblins
  A quokka (D:2)
  6 bats
  3 frilled lizards
  3 kobolds
  4 rats
56 creatures vanquished.

Notes
Turn   | Place    | Note
-------+----------+-------------------------------------------
     0 | D:1      | nikopol the Minotaur Berserker began the quest for the Orb.
     0 | D:1      | Reached XP level 1. HP: 19/19 MP: 0/0
   131 | D:1      | Reached XP level 2. HP: 14/27 MP: 1/1
   609 | D:1      | Reached XP level 3. HP: 33/33 MP: 2/2
   718 | D:2      | Reached ** piety under Trog
   737 | D:2      | Noticed Robin
   766 | D:2      | Killed Robin
   820 | D:2      | Reached XP level 4. HP: 31/41 MP: 3/3
  1145 | D:2      | Noticed Sigmund
  1162 | D:2      | HP: 3/61 [Sigmund/puff of flame (7)]
  1164 | D:2      | Slain by Sigmund

Skill      XL: |  1  2  3 |
---------------+----------+-----
Polearms       | 4 |  4.5
Fighting       | 4 |  4.5
Armour         | 3 |  3.2
Dodging        | 3 |  3.1

Action                   |  1- 3 |  4- 6 || total
-------------------------+-------+-------++-------
Melee: Spear             |   116 |    31 ||   147
       Headbutt          |    16 |     2 ||    18
Invok: Berserk           |       |     1 ||     1
 Stab: Distracted        |     1 |       ||     1
  Eat: Chunk             |       |     1 ||     1
Armor: Ring mail         |    33 |     3 ||    36
Dodge: Dodged            |    37 |     9 ||    46
